 Dungeon Crawl Stone Soup version 0.30-a0-1016-gfb0d676c02 (webtiles) character file.

Game seed: 15261451968915997607

912 protoss039 the Sneak (level 7, -7/41 HPs)
             Began as a Vampire Enchanter on Apr 6, 2023.
             Mangled by an ogre
             ... wielding a +0 giant club
              (20 damage)
             ... on level 5 of the Dungeon.
             The game lasted 00:07:18 (4159 turns).

protoss039 the Sneak (Vampire Enchanter)            Turns: 4159, Time: 00:07:19

Health: -7/41      AC:  4    Str:  7    XL:     7   Next: 82%
Magic:  2/11       EV: 13    Int: 17    God:
Gold:   131        SH:  0    Dex: 17    Spells: 1/12 levels left

rFire   . . .      SeeInvis +    a - +1 dagger
rCold   + + .      Faith    .    (no shield)
rNeg    + + +      Spirit   .    b - +0 robe
rPois   ∞          Reflect  .    (no helmet)
rElec   .          Rampage  .    j - +0 cloak
rCorr   .                        i - +0 pair of gloves
Will    .....                    (no boots)
Stlth   ++++++                   (no amulet)
HPRegen 0.00/turn                (no ring)
MPRegen 0.12/turn                (no ring)

@: bloodless, inhibited regen
A: bloodless, fangs 3, see invisible, vampiric 2
a: Bat Form, Revivify


You were on level 5 of the Dungeon.
You visited 1 branch of the dungeon, and saw 6 of its levels.

You collected 187 gold pieces.
You spent 56 gold pieces at shops.

Inventory:

Hand Weapons
 a - a +1 dagger (weapon)
 q - a +0 mace of venom
Missiles
 r - 3 poisoned darts (quivered)
Armour
 b - a +0 robe (worn)
 i - a +0 pair of gloves (worn)
 j - a +0 cloak (worn)
Wands
 p - a wand of mindburst (4)
Scrolls
 d - 2 scrolls of amnesia
 e - 2 scrolls of teleportation
 k - a scroll of blinking {unknown}
 l - 2 scrolls of immolation {unknown}
 m - 3 scrolls of magic mapping
 n - 2 scrolls of noise {unknown}
 o - a scroll of enchant armour {unknown}
 s - a scroll of fog {unknown}
 t - a scroll of identify
 u - a scroll of vulnerability {unknown}
 w - a scroll of fear {unknown}
 x - a scroll of enchant weapon {unknown}
Potions
 c - 2 potions of invisibility
 f - 2 potions of degeneration {unknown}
 g - 2 potions of brilliance {unknown}
 h - a potion of magic {unknown}
 v - a potion of attraction {unknown}
 z - a potion of curing {unknown}


   Skills:
 * Level 3.3 Fighting
 + Level 2.9 Short Blades
 + Level 0.4 Throwing
 + Level 1.7 Armour
 + Level 3.8 Dodging
 * Level 7.6 Stealth
 + Level 3.1 Spellcasting
 + Level 0.7 Conjurations
 + Level 5.9 Hexes
 + Level 2.3 Ice Magic
 + Level 0.4 Evocations


You had one spell level left.
You knew the following spells:

 Your Spells              Type           Power      Damage    Failure   Level
a - Ensorcelled Hibernat  Hex/Ice        32%        N/A       4%          2
b - Confusing Touch       Hex            23%        N/A       4%          3
c - Tukima's Dance        Hex            23%        N/A       4%          3
d - Dazzling Flash        Conj/Hex       28%        N/A       13%         3

Your spell library contained the following spells:

 Spells                   Type           Power      Damage    Failure   Level
 Animate Dead             Necr           2%         N/A       86%         4
 Borgnjor's Vile Clutch   Necr/Erth      1%         N/A       99%         5
 Death Channel            Necr           1%         N/A       100%        6


Dungeon Overview and Level Annotations

Branches:
Dungeon (6/15) Zot: 26450
 Temple: D:4-7

Altars:

Shops:
D:4 *

Annotations:
D:4 3 runed translucent doors, MrClown's ghost, amateur DsNe


Innate Abilities, Weirdness & Mutations

You do not regenerate when monsters are visible.
You are frail without blood (-20% HP).
You can heal yourself when you bite living creatures.
You are immune to poison.
You have razor-sharp teeth.
You have supernaturally acute eyesight. (SInv)
You are afflicted with vampirism and can become a bat while bloodless.


Message History

Unknown command.
The helpless orc fails to defend itself.
You bite the orc, and draw its blood! You perforate the orc like a sieve!!!
You kill the orc!
Unknown command.
An ogre comes into view. It is wielding a +0 giant club.
A black bear comes into view.
There are monsters nearby!
There are monsters nearby!
Things that are here:
a +0 dagger; a +0 ring mail; an orc corpse The ogre shouts!
The black bear growls angrily.
Casting: Ensorcelled Hibernation (safe; 4% risk of failure)
Confirm with . or Enter, or press ? or * to list all spells.
Aiming: Ensorcelled Hibernation (safe; 4% risk of failure)
Press: ? - help, Shift-Dir - straight line, f - ogre
Aim: an ogre, wielding a +0 giant club (chance to affect: 50%)
The ogre resists with some effort.
The ogre hits you with a +0 giant club!!
Ouch! That really hurt!
The black bear closely misses you. The black bear barely misses you.
The black bear claws you but does no damage.
Unknown command.
Aiming: Mindburst
Press: ? - help, Shift-Dir - straight line, f - black bear, p - ogre
Aim: a black bear (chance to affect: 66%)
The black bear's mind is blasted!
The black bear bites you. The black bear claws you.
The black bear completely misses you.
Unknown command.
Casting: Ensorcelled Hibernation (safe; 4% risk of failure)
Confirm with . or Enter, or press ? or * to list all spells.
You don't have enough magic to cast this spell.
Unknown command.
Unknown command.
Unknown command.
Unknown command.
Unknown command.
The ogre attacks as you move away!
The ogre hits you with a +0 giant club!!
You die...

...#..##.......#.#......########
...##'##.........#......#
...#...#.........#......####
...#...#......)..#.#.......#
.......#....#....#.#.......#
##.....#....#....#)#.......#
†...........##.............#
..................)........#
................@Oh........###
....##+#......######..........
......>..#....#...............
.........#....#.###...........
##.......#.... #...........
........##+ #.##+##.....
..####... #. ....# .s. ... ..
...# .. ... ..#


You could see a black bear and an ogre.

Vanquished Creatures
  A black bear (D:5)
  An ice beast (D:5)
  An ogre (D:5)
  A centaur (D:4)
  2 scorpions (D:6)
  A howler monkey (D:5)
  3 hounds
  2 jellies
  Terence (D:3)
  2 iguanas (D:5)
  An orc wizard (D:5)
  2 gnolls
  6 adders
  A white imp (D:5)
  2 worms (D:4)
  5 dart slugs
  6 orcs (D:5)
  3 endoplasms
  5 giant cockroaches
  7 hobgoblins
  3 jackals (D:2)
  3 kobolds
  2 quokkas (D:1)
  7 ball pythons
  3 bats
  5 frilled lizards
  3 goblins
  5 rats (D:1)
84 creatures vanquished.

Notes
Turn   | Place    | Note
-------+----------+-------------------------------------------
     0 | D:1      | protoss039 the Vampire Enchanter began the quest for the
                  | Orb.
     0 | D:1      | Reached XP level 1. HP: 13/13 MP: 3/3
   225 | D:1      | Reached XP level 2. HP: 20/20 MP: 5/5
   680 | D:1      | Reached skill level 1 in Fighting
   827 | D:1      | Found a faded altar of an unknown god.
   922 | D:1      | Reached skill level 5 in Stealth
   922 | D:1      | Gained mutation: You are afflicted with vampirism and can
                  | become a bat while bloodless. [Vampire growth]
   922 | D:1      | Reached XP level 3. HP: 26/26 MP: 6/6
   986 | D:1      | Learned a level 2 spell: Ensorcelled Hibernation
   990 | D:1      | Learned a level 3 spell: Confusing Touch
  2351 | D:3      | Noticed Terence
  2365 | D:3      | Killed Terence
  2366 | D:3      | Reached XP level 4. HP: 14/25 MP: 0/7
  2567 | D:4      | Reached skill level 5 in Hexes
  2567 | D:4      | Reached skill level 1 in Ice Magic
  2677 | D:4      | Noticed an ice beast
  2680 | D:4      | Noticed MrClown's ghost (amateur DsNe)
  2704 | D:4      | Found a runed translucent gate.
  2704 | D:4      | Found a runed translucent gate.
  2704 | D:4      | Found a runed translucent gate.
  2806 | D:4      | Reached XP level 5. HP: 30/30 MP: 1/8
  2886 | D:4      | Found Zammy's General Store.
  2918 | D:4      | Bought a scroll of identify for 28 gold pieces
  2918 | D:4      | Bought a scroll of identify for 28 gold pieces
  3009 | D:4      | Noticed a centaur
  3014 | D:4      | Killed a centaur
  3015 | D:4      | Reached skill level 6 in Stealth
  3482 | D:4      | Learned a level 3 spell: Tukima's Dance
  3485 | D:5      | Entered Level 5 of the Dungeon
  3493 | D:5      | Reached skill level 1 in Armour
  3493 | D:5      | Reached XP level 6. HP: 35/35 MP: 9/9
  3703 | D:6      | Reached XP level 7. HP: 33/40 MP: 6/11
  3786 | D:5      | Reached skill level 7 in Stealth
  3841 | D:5      | Learned a level 3 spell: Dazzling Flash
  4159 | D:5      | Mangled by an ogre

Illustrated notes

Levels and vault maps discovered:
D:1:      roderic_octagonal_star, layout_loops_corners,
          shapermc_ecumenical_altar_hornbeckon
D:2:      layout_loops_ring, serial_rivers, chequers_serial_rivers_small_3,
          chequers_serial_rivers_marsh, chequers_serial_rivers_room_a,
          chequers_serial_rivers_room_b
D:3:      layout_basic, uniq_terence
D:4:      layout_basic, serial_shops, nicolae_shop_advertising_works
          [nicolae_subvault_shop_adworks], gammafunk_ghost_icy
D:5:      layout_basic
D:6:      layout_rooms, grunt_temple_overflow_lords_of_destruction,
          minmay_temple_entry_large_hall

Skill      XL: |  1  2  3  4  5  6  7 |
---------------+----------------------+-----
Fighting       | 1 2 3 |  3.3
Stealth        | 5 6 7 |  7.6
Hexes          | 5 |  5.9
Ice Magic      | 1 2 |  2.3
Short Blades   | 2 |  2.9
Dodging        | 3 |  3.8
Armour         | 1 |  1.7
Spellcasting   | 3 |  3.1
Throwing       | |  0.4
Conjurations   | |  0.7
Evocations     | |  0.4

Action                     |  1- 3 |  4- 6 |  7- 9 || total
---------------------------+-------+-------+-------++-------
  Melee: Dagger            |   112 |    33 |    43 ||   188
         Bite              |    11 |     1 |     6 ||    18
         Punch             |       |       |     1 ||     1
   Cast: Ensorcelled Hiber |    10 |    19 |    12 ||    41
         Confusing Touch   |     1 |       |     2 ||     3
Ability: Exsanguinate      |     1 |       |       ||     1
  Evoke: Wand              |       |       |     1 ||     1
    Use: Scroll            |     1 |     3 |       ||     4
   Stab: Sleeping          |    20 |    25 |    10 ||    55
         Confused          |       |       |     1 ||     1
 Armour: Robe              |    28 |     4 |     8 ||    40
  Dodge: Dodged            |    60 |    34 |    19 ||   113

Table legend: (Time is in decaauts)
 A = Elapsed time spent in this place.
 B = Non-inter-level travel time spent in this place.
 C = Inter-level travel time spent in this place.
 D = Time resting spent in this place.
 E = Time spent auto-exploring this place.
 F = Levels seen in this place.
 G = Mean time per level.
                   A        B        C        D        E       F      G
               +--------+--------+--------+--------+--------+-----+--------+
         Total |   4152 |   3895 |    257 |     84 |   3060 |   6 |  692.0 |
       Dungeon |   4152 |   3895 |    257 |     84 |   3060 |   6 |  692.0 |
               +--------+--------+--------+--------+--------+-----+--------+

Top non-repeatable levels by time:
     D:4: 1024 daAuts
     D:1: 993 daAuts
     D:2: 912 daAuts
     D:3: 632 daAuts
     D:5: 483 daAuts
     D:6: 107 daAuts
